 Dungeon Sprint DCSS version 0.26-a0-113-gd8a95b6 (webtiles) character file.

Game seed: 7347234355019385098

7100000 BeowulfAlex the Axe Maniac (level 27, -4/249 HPs)
             Began as a Formicid Fighter on June 25, 2020.
             Was the Champion of Makhleb.
             Slain by a meat beast (7 damage)
             ... in the Dungeon (Sprint VIII: "Arena of Blood").
             The game lasted 00:14:17 (71 turns).

BeowulfAlex the Axe Maniac (Formicid Fighter)         Turns: 71, Time: 00:14:17

Health: -4/249     AC: 13    Str: 22    XL:     27
Magic:  31/54      EV: 31    Int: 11    God:    Makhleb [******]
Gold:   0          SH: 19    Dex: 19    Spells: 80/80 levels left

rFire    . . .     SeeInvis +   l - +∞ Axe of Woe
rCold    . . .     Faith    .   c - +0 kite shield
rNeg     . . .     Spirit   .   b - +0 scale mail
rPois    .         Reflect  .   (helmet unavailable)
rElec    .         Harm     .   (no cloak)
rCorr    .                      (no gloves)
MR       ++...                  (no boots)
Stlth    ++++++++..             (no amulet)
HPRegen  0.51/turn              m - +30 ring of slaying
MPRegen  0.34/turn              o - +200 ring of slaying

@: no status effects
A: permanent stasis, dig shafts and tunnels, four strong arms, antennae 3
a: Dig, Minor Destruction, Lesser Servant of Makhleb, Major Destruction, Greater
Servant of Makhleb, Renounce Religion


You were in the Dungeon.
You worshipped Makhleb.
Makhleb was exalted by your worship.
You were not hungry.

You visited 1 branch

Inventory:

Hand Weapons
 a - a +0 war axe
 l - the +∞ Axe of Woe (weapon)
   (You found it in the Dungeon)
Armour
 b - a +0 scale mail (worn)
 c - a +0 kite shield (worn)
Jewellery
 m - a +30 ring of slaying (left hand)
 n - a +30 ring of slaying
 o - a +200 ring of slaying (right hand)
 p - a +200 ring of slaying
Scrolls
 k - a scroll of blinking
Potions
 d - a potion of might
 e - a potion of curing
 g - a potion of heal wounds
 h - a potion of haste
 i - 2 potions of magic
 j - a potion of berserk rage
Comestibles
 f - a ration


   Skills:
 O Level 27 Fighting
 O Level 27 Axes
 O Level 27 Throwing
 O Level 27 Armour
 O Level 27 Dodging
 O Level 27 Stealth
 O Level 27 Shields
 O Level 27 Unarmed Combat
 O Level 27 Spellcasting
 O Level 27 Invocations


You had 80 spell levels left.
You didn't know any spells.
Your spell library was empty.

Dungeon Overview and Level Annotations

Branches:
Dungeon (1/1)

Altars:
Makhleb

Annotations:
D The Captor


Innate Abilities, Weirdness & Mutations

You cannot be hasted, slowed, berserked, paralysed or teleported.
You can dig through walls and to a lower floor.
Your four strong arms can wield two-handed weapons with a shield.
You have a pair of large antennae on your head. (SInv)


Message History

You hear a shout! x2
The destroyer is engulfed in blazing flames.
The destroyer hits you with a +9 vorpal great sword!!!!!
Ouch! That really hurt!
* * * LOW HITPOINT WARNING * * *
x2 The destroyer bites you.
* * * LOW HITPOINT WARNING * * *
The destroyer draws strength from your injuries!
You hear a shout!
You block the bag of meat's attack.
The bag of meat is engulfed in blazing flames.
The bag of meat hits your balrug with a +9 war axe!!!
Your balrug dies!
You hear a shout! x2
You block the bag of meat's attack.
A bag of meat comes into view. It is wielding a +9 war axe.
You hear a shout!
The tyrant casts a spell.
The meat beast completely misses you. The meat beast tramples you!
You die... .. .....
XO.X

#... ...# .#L.X #%..
...# . %X...###%..
..%###...
.%..o...%.###........
.%#..oX%.o._.%O......
#.V.%OXo#.{{..# .O...
......oo#{{{._#......
#..%..V@#O§X{{#......
..#.%.○°2°)_OL.......
.......)oO###X)......
...%.###....{).###...
..%O. #..V....# ..
.... #.......# ...
{.......... o#.
{.....%.....{
o..........


You could see a tentacled monstrosity (summoned), a meat beast (fast), 2
tyrants, 3 destroyers, a large bag of meat (inner flame), 6 large abominations,
4 meat berserkers and 7 bags of meat.

Vanquished Creatures
  A greater mummy (D)
  17 vampire knights (D)
  22 ogres (D)
  6 two-headed ogres (D)
  7 liches (D)
  30 orcs (D)
  4 skeletal warriors (D)
  2 large abominations (D)
  8 small abominations (D)
  2 crawling corpses (D)
99 creatures vanquished.

Vanquished Creatures (others)
  3 crawling corpses (D)
3 creatures vanquished.

Grand Total: 102 creatures vanquished

Notes
Turn   | Place    | Note
-------+----------+-------------------------------------------
     0 | D        | Found the +∞ Axe of Woe
     0 | D        | BeowulfAlex the Formicid Fighter began the quest for the
                  | Orb.
     0 | D        | Reached XP level 1. HP: 18/18 MP: 1/1
     2 | D        | Noticed a bag of meat
     3 | D        | Noticed a bag of meat
     4 | D        | Became a worshipper of Makhleb the Destroyer
     4 | D        | Noticed a bag of meat
     6 | D        | Noticed a meat berserker
     7 | D        | Killed a bag of meat
     7 | D        | Reached XP level 2. HP: 24/24 MP: 2/2
     7 | D        | Reached XP level 3. HP: 29/29 MP: 3/3
     7 | D        | Reached XP level 4. HP: 35/35 MP: 4/4
     7 | D        | Reached XP level 5. HP: 41/41 MP: 5/5
     7 | D        | Reached XP level 6. HP: 47/47 MP: 6/6
     7 | D        | Reached XP level 7. HP: 52/52 MP: 7/7
     7 | D        | Reached XP level 8. HP: 58/58 MP: 8/8
     7 | D        | Reached XP level 9. HP: 64/64 MP: 9/9
     7 | D        | Reached XP level 10. HP: 70/70 MP: 10/10
     7 | D        | Reached XP level 11. HP: 75/75 MP: 11/11
     7 | D        | Reached XP level 12. HP: 81/81 MP: 12/12
     7 | D        | Noticed a meat berserker
     8 | D        | Killed a bag of meat
     8 | D        | Reached * piety under Makhleb
     8 | D        | Reached skill level 27 in Axes
     8 | D        | Reached skill level 5 in Dodging
     8 | D        | Reached skill level 10 in Shields
     8 | D        | Reached XP level 13. HP: 96/96 MP: 13/13
     9 | D        | Noticed a meat berserker
     9 | D        | Noticed a bag of meat
     9 | D        | Noticed a bag of meat
     9 | D        | Noticed a bag of meat
    10 | D        | Killed a meat berserker
    10 | D        | Reached XP level 14. HP: 129/129 MP: 14/14
    10 | D        | Reached XP level 15. HP: 135/135 MP: 15/15
    10 | D        | Noticed a large bag of meat
    11 | D        | Killed a meat berserker
    11 | D        | Reached XP level 16. HP: 164/164 MP: 16/16
    13 | D        | Noticed a meat berserker
    14 | D        | Reached ** piety under Makhleb
    14 | D        | Reached skill level 27 in Fighting
    15 | D        | Killed a meat berserker
    15 | D        | Reached skill level 27 in Shields
    15 | D        | Reached XP level 17. HP: 124/174 MP: 17/17
    19 | D        | Reached *** piety under Makhleb
    19 | D        | Reached skill level 27 in Stealth
    19 | D        | Reached XP level 18. HP: 182/182 MP: 18/18
    20 | D        | Killed a meat berserker
    20 | D        | Noticed a large bag of meat
    20 | D        | Noticed a destroyer
    22 | D        | Noticed a destroyer
    23 | D        | Reached **** piety under Makhleb
    23 | D        | Reached skill level 27 in Armour
    23 | D        | Reached XP level 19. HP: 189/189 MP: 19/19
    24 | D        | Noticed a meat berserker
    26 | D        | Killed a destroyer
    26 | D        | Reached XP level 20. HP: 197/197 MP: 20/20
    26 | D        | Noticed a meat berserker
    27 | D        | Killed a destroyer
    27 | D        | Reached skill level 27 in Dodging
    27 | D        | Reached XP level 21. HP: 204/204 MP: 20/37
    27 | D        | Killed a large bag of meat
    27 | D        | Reached ***** piety under Makhleb
    27 | D        | Reached skill level 27 in Invocations
    29 | D        | Reached skill level 15 in Throwing
    29 | D        | Reached skill level 15 in Spellcasting
    31 | D        | Killed a large bag of meat
    31 | D        | Reached XP level 22. HP: 212/212 MP: 20/45
    31 | D        | Noticed a destroyer
    32 | D        | Killed a meat berserker
    32 | D        | Killed a meat berserker
    32 | D        | Noticed a meat berserker
    33 | D        | Noticed a meat berserker
    33 | D        | Noticed a meat berserker
    34 | D        | Killed a destroyer
    34 | D        | Reached skill level 27 in Throwing
    34 | D        | Reached skill level 27 in Spellcasting
    34 | D        | Reached XP level 23. HP: 219/219 MP: 21/54
    34 | D        | Noticed a destroyer
    37 | D        | Reached ****** piety under Makhleb
    37 | D        | Noticed a large bag of meat
    38 | D        | Reached skill level 27 in Unarmed Combat
    38 | D        | Reached XP level 24. HP: 227/227 MP: 22/54
    39 | D        | Noticed a destroyer
    40 | D        | Noticed a destroyer
    41 | D        | Reached XP level 25. HP: 234/234 MP: 23/54
    42 | D        | Noticed a destroyer
    43 | D        | Killed a destroyer
    43 | D        | Reached XP level 26. HP: 242/242 MP: 23/54
    44 | D        | Noticed a tyrant
    44 | D        | Noticed a destroyer
    44 | D        | Noticed a destroyer
    45 | D        | Noticed a tyrant
    47 | D        | Killed a destroyer
    47 | D        | Killed a large bag of meat
    47 | D        | Reached XP level 27. HP: 249/249 MP: 24/54
    47 | D        | Noticed a destroyer
    48 | D        | Noticed an accursed
    48 | D        | Noticed a destroyer
    48 | D        | Noticed a large bag of meat
    48 | D        | Noticed a destroyer
    48 | D        | Noticed a large bag of meat
    48 | D        | Noticed a destroyer
    48 | D        | Noticed a destroyer
    48 | D        | Noticed a tyrant
    49 | D        | Noticed an accursed
    49 | D        | Killed a tyrant
    49 | D        | Killed a destroyer
    49 | D        | Killed a destroyer
    49 | D        | Noticed a destroyer
    50 | D        | Killed a destroyer
    50 | D        | Killed a destroyer
    50 | D        | Noticed a destroyer
    51 | D        | Killed a destroyer
    52 | D        | Killed a large bag of meat
    52 | D        | Killed a tyrant
    53 | D        | Noticed a tyrant
    53 | D        | Killed a destroyer
    53 | D        | Noticed a tyrant
    53 | D        | Noticed a large bag of meat
    54 | D        | Killed a destroyer
    54 | D        | Killed a destroyer
    54 | D        | Killed a destroyer
    55 | D        | Noticed a tyrant
    56 | D        | Killed a destroyer
    56 | D        | Noticed a tyrant
    56 | D        | Noticed a destroyer
    56 | D        | Noticed a tyrant
    57 | D        | Noticed a large bag of meat
    57 | D        | Noticed a destroyer
    59 | D        | Noticed The Captor
    60 | D        | Killed a large bag of meat
    60 | D        | Killed a tyrant
    61 | D        | Killed a destroyer
    61 | D        | Killed a tyrant
    63 | D        | Killed a large bag of meat
    63 | D        | Killed a destroyer
    64 | D        | Noticed a destroyer
    64 | D        | Noticed a destroyer
    65 | D        | Killed a tyrant
    65 | D        | Killed an accursed
    66 | D        | Killed a tyrant
    66 | D        | Killed a tyrant
    67 | D        | Noticed a large bag of meat
    69 | D        | Noticed a meat beast
    69 | D        | Noticed a tyrant
    70 | D        | Noticed a large bag of meat
    71 | D        | HP: 7/249 [destroyer/+9 vorpal great sword (34)]
    71 | D        | HP: 3/249 [destroyer/+9 vorpal great sword (4)]
    71 | D        | Slain by a meat beast

Illustrated notes

Levels and vault maps discovered:
D:        meatsprint

Skill      XL: |  1  2  3  4  5  6  7  8  9 10 11 12 13 14 15 16 17 18 19 20 21 22 23 |
---------------+----------------------------------------------------------------------+-----
Axes           | 25 27 | 27.0
Fighting       | 7 17 25 27 | 27.0
Armour         | 9 11 27 | 27.0
Dodging        | 5 11 26 27 | 27.0
Stealth        | 7 17 27 | 27.0
Shields        | 10 19 27 | 27.0
Invocations    | 24 27 | 27.0
Throwing       | 19 27 | 27.0
Spellcasting   | 19 27 | 27.0
Unarmed Combat | 17 27 | 27.0

Action                   |  1- 3 |  4- 6 |  7- 9 | 10-12 | 13-15 | 16-18 | 19-21 | 22-24 | 25-27 || total
-------------------------+-------+-------+-------+-------+-------+-------+-------+-------+-------++-------
Melee: Executioner's axe |     1 |       |       |     1 |     2 |     7 |     6 |     7 |    24 ||    48
Invok: Greater Servant o |       |       |       |       |       |       |       |       |     1 ||     1
Dodge: Dodged            |       |       |       |       |       |       |       |       |     5 ||     5
Block: Kite shield       |       |       |       |       |       |       |     2 |       |     6 ||     8

Table legend:
 A = Non-vault XP
 B = Vault XP
 C = Vault XP percentage of total XP
 D = Non-vault monster count
 E = Vault monster count
 F = Vault count percentage of total count
                 A         B        C        D         E       F
            +---------+---------+-------+---------+---------+-------
      Total | 1956814 |  909040 |  31.7 |      61 |      36 |  37.1
            +---------+---------+-------+---------+---------+-------
          D | 1956814 |  909040 |  31.7 |      61 |      36 |  37.1
            +---------+---------+-------+---------+---------+-------
